 Dungeon Crawl Stone Soup version 0.27-a0-1065-ge809cff456 (webtiles) character file.

Game seed: 10245896027051522335

3216 gimp the Thaumaturge (level 9, -2/65 HPs)
             Began as a Djinni Wanderer on Apr 23, 2021.
             Was a Priest of Cheibriados.
             Slain by a gnoll sergeant
             ... wielding a +2 vorpal spear
              (4 damage)
             ... on level 8 of the Dungeon.
             The game lasted 00:17:39 (11397 turns).

gimp the Thaumaturge (Djinni Wanderer)             Turns: 11397, Time: 00:17:41

Health: -2/65      AC:  6    Str: 18    XL:     9   Next: 97%
Gold:   544        EV: 14    Int: 25    God:    Cheibriados [***...] SH:  0 Dex: 19

rFire    + + +     SeeInvis .   a - +1 dagger (elec)
rCold    . . .     Faith    .   (no shield)
rNeg     + . .     Spirit   .   x - +0 leather armour
rPois    ∞         Reflect  .   (no helmet)
rElec    .         Harm     .   (no cloak)
rCorr    +         Rampage  .   j - +2 pair of gloves
Will     .....                  (boots unavailable)
Stlth    ++........             (no amulet)
HPRegen  0.20/turn              h - ring of positive energy
MPRegen  0.00/turn              n - ring "Sotys" {rPois rF+++ rC+ rCorr Str-3}

@: flying, studying Spellcasting, very slow
A: fire resistance 2, cold vulnerability 1, float, innate caster, hp casting,
extra vitality 1
a: Renounce Religion, Bend Time, Temporal Distortion


You were on level 8 of the Dungeon.
You worshipped Cheibriados.
Cheibriados was most pleased with you.
You visited 1 branch of the dungeon, and saw 8 of its levels.

You collected 544 gold pieces.

Inventory:

Hand Weapons
 a - a +1 dagger of electrocution (weapon)
 b - a +0 dagger of venom
Missiles
 y - a curare-tipped dart
 z - 51 poisoned darts
Armour
 i - a +0 kite shield
 j - a +2 pair of gloves (worn)
 x - a +0 leather armour (worn)
Magical Staves
 k - a staff of fire
Jewellery
 h - a ring of positive energy (left hand)
 n - the ring "Sotys" (right hand) {rPois rF+++ rC+ rCorr Str-3}
   (You found it on level 6 of the Dungeon)

   [ring of resist corrosion]

   It affects your strength (-3).
   It renders you almost immune to fire.
   It protects you from cold.
   It protects you from poison.
   It protects you from acid and corrosion.
 s - an amulet of reflection
 t - a ring of positive energy
Wands
 c - a wand of polymorph (3)
 q - a wand of iceblast (5)
Scrolls
 e - a scroll of magic mapping
 g - 3 scrolls of teleportation
 v - a scroll of immolation
 A - a scroll of holy word
 B - 2 scrolls of enchant armour
Potions
 d - 3 potions of lignification
 l - 3 potions of attraction
 m - a potion of berserk rage {unknown}
 o - 2 potions of might {unknown}
 p - 2 potions of brilliance
 r - a potion of degeneration {unknown}
 u - 3 potions of mutation


   Skills:
 - Level 5.0 Fighting
 + Level 2.3 Short Blades
 - Level 5.0 Armour
 + Level 4.9 Dodging
 - Level 1.0 Stealth
 - Level 1.0 Shields
 - Level 8.0 Spellcasting
 * Level 5.6 Invocations
 - Level 1.0 Evocations


You had 11 spell levels left.
You knew the following spells:

 Your Spells              Type           Power      Damage    Failure   Level
a - Sting                 Tmut/Pois      100%       1d8       1%          1
b - Ignite Poison         Fire/Tmut/Pois 50%        N/A       1%          3
c - Magic Dart            Conj           100%       1d8       1%          1
d - Call Imp              Summ           50%        N/A       1%          2
e - Gell's Gravitas       Tloc           25%        N/A       1%          3
f - Swiftness             Air            50%        N/A       1%          3
Your spell library was empty.

Dungeon Overview and Level Annotations

Branches:
Dungeon (8/15)             Temple (0/1) D:4
   Lair: D:8-11

Altars:
Cheibriados
Dithmenos
Gozag
Trog
Yredelemnul
Zin

Annotations:
D:2 1 runed translucent door, Crazy Yiuf


Innate Abilities, Weirdness & Mutations

You are immune to poison.
Your flesh is very heat resistant. (rF++)
You are vulnerable to cold. (rC-)
You float through the air rather than walking.
You learn spells naturally, not from books.
Your magical power is your life essence.
You have superior vitality. (+4 HP)


Message History

The gnoll sergeant shouts!
The gnoll sergeant throws a stone.
The stone barely misses you.
The gnoll sergeant throws a stone.
The stone hits you!
* * * LOW HITPOINT WARNING * * *
You take 9 damage, and have 18/65 hp.
You start resting.
A gnoll sergeant is nearby!
Casting: Sting (safe; 1% risk of failure)
Confirm with . or Enter, or press ? or * to list all spells.
Aiming: Sting (safe; 1% risk of failure)
Press: ? - help, Shift-Dir - straight line, f - gnoll sergeant
Aim: a gnoll sergeant, wielding a +2 vorpal spear, wearing a +0 scale mail, wearing a +0 buckler and quivering stones (84% to hit)
The sting hits the gnoll sergeant.
The gnoll sergeant is poisoned.
The gnoll sergeant is lightly wounded.
* * * LOW HITPOINT WARNING * * *
You take 1 damage, and have 18/65 hp.
Aiming: Iceblast
Press: ? - help, Shift-Dir - straight line, f/p - gnoll sergeant
Aim: a gnoll sergeant, wielding a +2 vorpal spear, wearing a +0 scale mail, wearing a +0 buckler and quivering stones (lightly wounded, poisoned)
The mass of ice explodes!
The iceblast engulfs the gnoll sergeant.
The gnoll sergeant is moderately wounded.
You hear a shout! x2
The gnoll sergeant hits you from afar with a +2 vorpal spear!
* * * LOW HITPOINT WARNING * * *
x2 You take 9 damage, and have 9/65 hp.
Aiming: Iceblast
Press: ? - help, Shift-Dir - straight line, f/p - gnoll sergeant
Aim: a gnoll sergeant, wielding a +2 vorpal spear, wearing a +0 scale mail, wearing a +0 buckler and quivering stones (moderately wounded, poisoned)
The mass of ice explodes!
The iceblast engulfs the gnoll sergeant!
The gnoll sergeant is severely wounded.
You hear a loud, deep croak!
The gnoll sergeant hits you from afar with a +2 vorpal spear.
* * * LOW HITPOINT WARNING * * *
x2 You take 4 damage, and have 5/65 hp.
You feel better.
The gnoll sergeant hits you from afar with a +2 vorpal spear!
* * * LOW HITPOINT WARNING * * *
You die...

........#.######
........#.##.#.##
................##
.................#
.g.....g.........###
...)...............#
.g............#...##
...........##.#...#
..###.........g.@.#
..###.#...........#
.......#..)......##
......######....##
.....## ###### ....#
$... ..# .#


You could see a gnoll sergeant (poisoned).

Vanquished Creatures
  A hornet (D:4)
  3 water moccasins (D:7)
  An orc warrior (D:4)
  4 sky beasts
  2 ice beasts
  4 ogres
  2 phantoms (D:7)
  A kobold brigand (D:7)
  A bullfrog (D:3)
  A water moccasin zombie (D:5)
  A scorpion (D:7)
  A water moccasin skeleton (D:5)
  6 killer bees (D:7)
  5 wights (D:7)
  A centaur zombie (D:6)
  5 jellies
  2 orc priests
  2 hounds
  Ijyb (D:5)
  3 iguanas
  2 orc wizards
  Terence (D:1)
  A killer bee zombie (D:7)
  9 gnolls
  A howler monkey skeleton (D:7)
  8 adders
  A white imp (D:8)
  An ufetubus (D:5)
  An adder zombie (D:4)
  2 worms
  13 orcs
  4 bats
  10 endoplasms
  2 giant cockroaches (D:4)
  7 goblins
  6 hobgoblins
  16 jackals
  A quokka (D:1)
  6 ball pythons
  10 kobolds
  5 rats
154 creatures vanquished.

Vanquished Creatures (collateral kills)
  The ghost of storma199 the Magician, an amateur DjAE (D:4)
  An adder zombie (D:4)
2 creatures vanquished.

Vanquished Creatures (others)
  A fungus (D:2)
1 creature vanquished.

Grand Total: 157 creatures vanquished

Notes
Turn   | Place    | Note
-------+----------+-------------------------------------------
     0 | D:1      | gimp the Djinni Wanderer began the quest for the Orb.
     0 | D:1      | Reached XP level 1. HP: 18/18 MP: 0/0
   338 | D:1      | Reached skill level 3 in Spellcasting
   338 | D:1      | Reached XP level 2. HP: 15/23 MP: 0/0
  1190 | D:1      | Found a faded altar of an unknown god.
  1475 | D:1      | Reached XP level 3. HP: 26/29 MP: 0/0
  1475 | D:1      | Learned a level 1 spell: Magic Dart
  1653 | D:2      | Noticed Terence
  1841 | D:1      | Killed Terence
  2288 | D:2      | Reached XP level 4. HP: 33/34 MP: 0/0
  2826 | D:2      | Reached skill level 4 in Spellcasting
  3090 | D:2      | Found a runed translucent door.
  3091 | D:2      | Noticed Crazy Yiuf
  3557 | D:3      | Found a snail-covered altar of Cheibriados.
  3782 | D:3      | Found a glowing silver altar of Zin.
  3785 | D:3      | Found a bloodstained altar of Trog.
  3993 | D:3      | Became a worshipper of Cheibriados the Contemplative
  4008 | D:4      | Noticed a bullfrog
  4012 | D:4      | Noticed an ogre
  4014 | D:4      | Reached XP level 5. HP: 31/40 MP: 0/0
  4014 | D:4      | Learned a level 2 spell: Call Imp
  4151 | D:4      | Noticed an ogre
  4154 | D:4      | Killed an ogre
  4155 | D:4      | Reached skill level 1 in Armour
  4155 | D:4      | Reached skill level 5 in Spellcasting
  4155 | D:4      | Reached XP level 6. HP: 45/46 MP: 0/0
  4237 | D:4      | Noticed a hornet
  4244 | D:4      | Killed a hornet
  4245 | D:4      | Reached XP level 7. HP: 10/50 MP: 0/0
  4245 | D:4      | Learned a level 3 spell: Gell's Gravitas
  4553 | D:4      | Reached skill level 6 in Spellcasting
  4727 | D:4      | Found a staircase to the Ecumenical Temple.
  4738 | D:4      | Reached * piety under Cheibriados
  5475 | D:4      | Found a runed translucent gate.
  5475 | D:4      | Found a runed translucent gate.
  5475 | D:4      | Found a runed translucent gate.
  5475 | D:4      | Noticed storma199's ghost (amateur DjAE)
  5477 | D:4      | Found a basalt altar of Yredelemnul.
  5554 | D:4      | Killed storma199's ghost
  5770 | D:5      | Entered Level 5 of the Dungeon
  5773 | D:5      | Reached XP level 8. HP: 51/56 MP: 0/0
  5862 | D:5      | Identified the +4 halberd of Utim {holy, Str+3}
  5962 | D:5      | Reached skill level 7 in Spellcasting
  6512 | D:5      | Noticed Ijyb
  6525 | D:5      | Killed Ijyb
  6985 | D:5      | Reached ** piety under Cheibriados
  7908 | D:6      | Reached skill level 5 in Armour
  8010 | D:6      | Reached skill level 8 in Spellcasting
  8061 | D:6      | Reached skill level 1 in Invocations
  8409 | D:6      | Identified the ring "Sotys" {rPois rF+++ rC+ rCorr Str-3}
  8512 | D:6      | Identified a scroll of acquirement
  8512 | D:6      | Acquired a manual of Spellcasting
  8658 | D:6      | Reached XP level 9. HP: 38/62 MP: 0/0
  8658 | D:6      | Learned a level 3 spell: Swiftness
  9438 | D:7      | Reached skill level 5 in Fighting
  9740 | D:7      | Reached *** piety under Cheibriados
 10105 | D:7      | Reached skill level 1 in Short Blades
 10307 | D:7      | Found an opulent altar of Gozag.
 10307 | D:7      | Found a shadowy altar of Dithmenos.
 10502 | D:7      | Reached skill level 5 in Invocations
 11397 | D:8      | HP: 2/65 [gnoll sergeant/+2 vorpal spear (10)]
 11397 | D:8      | Slain by a gnoll sergeant

Illustrated notes

Levels and vault maps discovered:
D:1:      giann_wishing_wells, layout_basic, hellmonk_ecumenical_altar_lost_god,
          chequers_serial_rivers_large_a, grunt_decor_fettered
D:2:      layout_loops_cross, uniq_terence, uniq_crazy_yiuf_cottage
D:3:      layout_rooms, cheibriados_altar_1,
          chequers_temple_overflow_statue_of_worship,
          ebering_dispersal_statue_hall
D:4:      layout_rooms, nicolae_yredelemnul_ghost_church,
          minmay_temple_entry_trees, guppyfry_early_orc_mine
D:5:      layout_basic, uniq_ijyb
D:6:      layout_basic
D:7:      layout_loops_ring, gammafunk_temple_overflow_elements, st_stairs_8,
          minmay_misc_feat_rugged
D:8:      layout_cave_pools, kennysheep_generic_room_13

Skill      XL: |  1  2  3  4  5  6  7  8  9 |
---------------+----------------------------+-----
Spellcasting   | 3 4 5 6 8 |  8.0
Fighting       | 3 5 |  5.0
Armour         | 1 2 3 5 |  5.0
Invocations    | 2 5 |  5.6
Dodging        | 4 |  4.9
Short Blades   | 2 |  2.3
Stealth        | |  1.0
Shields        | |  1.0
Evocations     | |  1.0

Action                   |  1- 3 |  4- 6 |  7- 9 || total
-------------------------+-------+-------+-------++-------
Melee: Dagger            |     6 |     4 |   148 ||   158
 Cast: Sting             |    66 |    92 |   229 ||   387
       Ignite Poison     |       |     1 |       ||     1
       Call Imp          |       |       |     5 ||     5
       Gell's Gravitas   |       |       |    11 ||    11
       Magic Dart        |       |       |    24 ||    24
Evoke: Wand              |       |     2 |     4 ||     6
  Use: Scroll            |       |       |    16 ||    16
       Potion            |       |       |     4 ||     4
 Stab: Sleeping          |       |       |     3 ||     3
       Distracted        |       |       |     1 ||     1
       Paralysed         |       |       |     2 ||     2
Armor: Robe              |     7 |     7 |     2 ||    16
       Leather armour    |       |       |    68 ||    68
       Skin              |       |       |    22 ||    22
Dodge: Dodged            |    29 |    23 |   134 ||   186

Table legend: (Time is in decaauts)
 A = Elapsed time spent in this place.
 B = Non-inter-level travel time spent in this place.
 C = Inter-level travel time spent in this place.
 D = Time resting spent in this place.
 E = Time spent auto-exploring this place.
 F = Levels seen in this place.
 G = Mean time per level.
                   A        B        C        D        E       F      G
               +--------+--------+--------+--------+--------+-----+--------+
         Total |  12693 |  12369 |    324 |   1124 |   9893 |   8 | 1586.6 |
       Dungeon |  12693 |  12369 |    324 |   1124 |   9893 |   8 | 1586.6 |
               +--------+--------+--------+--------+--------+-----+--------+

Top non-repeatable levels by time:
     D:7: 2662 daAuts
     D:5: 2450 daAuts
     D:1: 2059 daAuts
     D:4: 1519 daAuts
     D:6: 1429 daAuts
     D:3: 1270 daAuts
     D:2: 1091 daAuts
     D:8: 210 daAuts
